 Dungeon Crawl Stone Soup version 0.25-a0-105-g2289b3b9f1 (webtiles) character file.

Game seed: 8723729360613126518, levelgen mode: deterministic

91 vurker the Magician (level 4, 0/32 HPs)
             Began as a Mummy Fire Elementalist on Nov 16, 2019.
             Slain by Grinder (9 damage)
             ... on level 3 of the Dungeon.
             The game lasted 00:03:29 (3035 turns).

vurker the Magician (Mummy Fire Elementalist)       Turns: 3035, Time: 00:03:30

Health: 0/32       AC:  3    Str: 11    XL:     4   Next: 34%
Magic:  0/9        EV: 12    Int: 15    God:
Gold:   54         SH:  0    Dex: 12    Spells: 0/10 levels left

rFire    x . .     SeeInvis .   c - +0 dagger
rCold    + . .     Gourm    .   (no shield)
rNeg     + + +     Faith    .   a - +0 robe
rPois    ∞         Spirit   .   b - +0 helmet
rElec    .         Reflect  .   (no cloak)
rCorr    .         Harm     .   (no gloves)
MR       .....                  (no boots)
Stlth    ++........             (no amulet)
HPRegen  0.10/turn              (no ring)
MPRegen  0.11/turn              (no ring)

@: no status effects
A: no food or potions, fire vulnerability, cold resistance 1, negative energy
resistance 3, torment resistance, unbreathing
a: no special abilities


You were on level 3 of the Dungeon.
You were not hungry.

You visited 1 branch of the dungeon, and saw 3 of its levels.

You collected 54 gold pieces.

Inventory:

Hand Weapons
 c - a +0 dagger (weapon)
   (You took it off a kobold on level 1 of the Dungeon)
Armour
 a - a +0 robe (worn)
 b - a +0 helmet (worn)
   (You found it on level 1 of the Dungeon)
Scrolls
 d - 4 scrolls of identify {unknown}
 e - a scroll of remove curse {unknown}
 f - a scroll of immolation {unknown}
 g - a scroll of teleportation {unknown}
 h - a scroll of magic mapping {unknown}


   Skills:
 + Level 1.0 Fighting
 - Level 1.5 Dodging
 - Level 1.5 Stealth
 * Level 3.8 Spellcasting
 * Level 1.9 Conjurations
 * Level 3.1 Fire Magic


You couldn't memorise any spells.
You knew the following spells:

 Your Spells              Type           Power        Failure   Level  Hunger
a - Flame Tongue          Conj/Fire      ##...        7%          1    N/A
b - Throw Flame           Conj/Fire      ##....       10%         2    N/A
c - Conjure Flame         Conj/Fire      ##......     21%         3    N/A
q - Sticky Flame          Conj/Fire      ##......     54%         4    N/A

Your spell library contained the following spells:

 Spells                   Type           Power        Failure   Level  Hunger
 Inner Flame              Hex/Fire       #.......     28%         3    N/A
 Fireball                 Conj/Fire      ##........   88%         5    N/A

Dungeon Overview and Level Annotations

Branches:
Dungeon (3/15)

Altars:
Cheibriados
Elyvilon
Fedhas
Vehumet
Wu Jian
The Shining One

Annotations:
D:3 Grinder


Innate Abilities, Weirdness & Mutations

You do not eat or drink.
Your flesh is vulnerable to fire.
You are immune to poison.
Your flesh is cold resistant. (rC+)
You are immune to negative energy. (rN+++)
You are immune to unholy pain and torment.
You can survive without breathing.


Message History

There is a stone staircase leading up here.
You can't see any susceptible monsters within range! (Use Z to cast anyway.)
Aim: Grinder The flame tongue misses Grinder.
Aim: Grinder The flame tongue hits Grinder.
Aim: Grinder (lightly wounded)
The flame tongue misses Grinder.
Grinder says, "My boss said I was rubbish.
His entrails said otherwise."
Grinder blinks!
You can't see any susceptible monsters within range! (Use Z to cast anyway.)
You can't see any susceptible monsters within range! (Use Z to cast anyway.)
You can't see any susceptible monsters within range! (Use Z to cast anyway.)
You can't see any susceptible monsters within range! (Use Z to cast anyway.)
You can't see any susceptible monsters within range! (Use Z to cast anyway.) Grinder gestures at you.
You suddenly lose the ability to move!
You can move again.
Aim: Grinder (lightly wounded)
The flame tongue hits Grinder.
Grinder gestures at you.
You shrug off the repeated paralysis!
Aim: Grinder (lightly wounded)
The flame tongue hits Grinder.
Aim: Grinder (lightly wounded)
The flame tongue hits Grinder!
Aim: Grinder (moderately wounded)
The flame tongue hits Grinder.
Grinder hits you!
Aim: Grinder (heavily wounded)
The flame tongue hits Grinder.
Grinder hits you.
Aim: Grinder (heavily wounded)
The flame tongue misses Grinder.
Grinder closely misses you.
Aim: Grinder (heavily wounded)
The flame tongue hits Grinder but does no damage.
Grinder gestures at you. You resist with significant effort.
You don't have enough magic to cast that spell.
You hit Grinder but do no damage.
Grinder says, "Mostly I couldn't keep them alive."
Grinder barely misses you.
You barely miss Grinder. Grinder hits you but does no damage.
You hit Grinder but do no damage. Grinder hits you!
* * * LOW HITPOINT WARNING * * *
You closely miss Grinder. Grinder hits you.
* * * LOW HITPOINT WARNING * * *
You hit Grinder but do no damage. Grinder hits you but does no damage.
Aim: Grinder (heavily wounded)
The flame tongue hits Grinder but does no damage.
Grinder hits you!
You die...

###........ ...
#......... #..
###........# . +...
..........#####..
##...###....#..........
#.....#.....#..........
#.#.........#..........
#......5...............
#..(...@.....###...##..
#...#+#.#....# ...# #
.....†.#'### .....
.##......# ......#
.........# ......(
###......# 5......
+......# .......
#....... #.......


You could see Grinder.

Vanquished Creatures
  Robin (D:2)
  2 adders (D:2)
  A worm (D:2)
  2 dart slugs
  2 giant cockroaches (D:1)
  11 goblins
  7 hobgoblins
  4 jackals (D:2)
  A quokka (D:2)
  6 bats
  2 frilled lizards
  5 kobolds
  9 rats
53 creatures vanquished.

Notes
Turn   | Place    | Note
-------+----------+-------------------------------------------
     0 | D:1      | vurker the Mummy Fire Elementalist began the quest for the
                  | Orb.
     0 | D:1      | Reached XP level 1. HP: 13/13 MP: 4/4
   313 | D:1      | Reached skill level 1 in Conjurations
   579 | D:1      | Reached XP level 2. HP: 19/19 MP: 0/6
  1324 | D:2      | Noticed Robin
  1353 | D:2      | Killed Robin
  1353 | D:2      | Reached XP level 3. HP: 20/25 MP: 1/7
  1920 | D:2      | Reached XP level 4. HP: 31/31 MP: 6/9
  2143 | D:2      | Found a blossoming altar of Fedhas.
  2143 | D:2      | Found a radiant altar of Vehumet.
  2149 | D:2      | Found a white marble altar of Elyvilon.
  2152 | D:2      | Found a glowing golden altar of the Shining One.
  2153 | D:2      | Found an ornate altar of the Wu Jian Council.
  2366 | D:2      | Reached skill level 1 in Fighting
  2426 | D:2      | Found a snail-covered altar of Cheibriados.
  2966 | D:3      | Learned a level 2 spell: Throw Flame
  2970 | D:3      | Learned a level 3 spell: Conjure Flame
  2975 | D:3      | Learned a level 4 spell: Sticky Flame
  3006 | D:3      | Noticed Grinder
  3021 | D:3      | Paralysed by Grinder for 2 turns
  3035 | D:3      | Slain by Grinder

Levels and vault maps discovered:
D:1:      roderic_dead_forest, layout_loops_ring, hangedman_feature_mirror,
          minmay_hexomino_u4
D:2:      layout_basic, kennysheep_slug_shrine,
          chequers_temple_overflow_minitemple, uniq_robin
D:3:      minmay_goblin_kobold_castle, layout_basic,
          hellmonk_ghost_happy_afterlife, uniq_grinder

Skill      XL: |  1  2  3  4 |
---------------+-------------+-----
Conjurations   | 1 |  1.9
Spellcasting   | 3 |  3.8
Fire Magic     | 3 |  3.1
Fighting       | 1 |  1.0
Dodging        | |  1.5
Stealth        | |  1.5

Action                   |  1- 3 |  4- 6 || total
-------------------------+-------+-------++-------
Melee: Dagger            |    24 |     8 ||    32
 Cast: Flame Tongue      |    73 |    38 ||   111
Armor: Robe              |    21 |     5 ||    26
Dodge: Dodged            |    49 |     9 ||    58

Table legend:
 A = Non-vault XP
 B = Vault XP
 C = Vault XP percentage of total XP
 D = Non-vault monster count
 E = Vault monster count
 F = Vault count percentage of total count
                 A         B        C        D         E       F
            +---------+---------+-------+---------+---------+-------
      Total |      83 |      48 |  36.6 |      36 |      17 |  32.1
            +---------+---------+-------+---------+---------+-------
        D:1 |      16 |      12 |  42.9 |      10 |       6 |  37.5
        D:2 |      65 |      36 |  35.6 |      24 |      11 |  31.4
        D:3 |       2 |       0 |   0.0 |       2 |       0 |   0.0
            +---------+---------+-------+---------+---------+-------
